 Dungeon Crawl Stone Soup version 0.18.1-48-g4cf74bf (webtiles) character file.

275 mindo the Magician (level 6, -5/32 HPs)
             Began as a Deep Elf Wizard on June 25, 2016.
             Killed by divine providence
             ... invoked by an orc priest
              (14 damage)
             ... on level 4 of the Dungeon on June 26, 2016.
             The game lasted 00:23:12 (2449 turns).

mindo the Magician (Deep Elf Wizard)                Turns: 2449, Time: 00:23:13

Health: -5/32      AC:  2    Str:  4    XL:     6   Next: 3%
Magic:  4/17       EV: 13    Int: 25    God:
Gold:   101        SH:  0    Dex: 19    Spells: 4 memorised, 10 levels left

rFire  . . .     SeeInvis .     r - +10 dagger "Toolufuy" {drain, rPois Stlth+}
rCold  . . .     Gourm    .     n - +0 robe
rNeg   . . .     Faith    +     (no shield)
rPois  +         Spirit   .     b - +0 hat
rElec  .         Dismiss  .     (no cloak)
rCorr  .         Reflect  .     (no gloves)
SustAt .         Harm     .     (no boots)
MR     .....                    f - amulet of faith
Stlth  ++++......               w - ring of flight
                                h - +6 ring of dexterity

@: very slightly contaminated, drained, not resistant to hostile enchantments,
stealthy
A: no striking features
a: Evoke Flight


You were on level 4 of the Dungeon.
You were not hungry.

You visited 1 branch of the dungeon, and saw 4 of its levels.

You collected 101 gold pieces.

Inventory:

Hand Weapons
 a - a cursed -2 short sword
 m - a +0 short sword
 r - the +10 dagger "Toolufuy" (weapon) {drain, rPois Stlth+}
   (You found it on level 4 of the Dungeon)

   A truly terrible weapon, it drains the life of those it strikes.
   It protects you from poison.
   It makes you more stealthy.
Armour
 b - a +0 hat (worn)
 n - a +0 robe (worn)
 y - a +1 pair of gloves
Jewellery
 f - an amulet of faith (around neck)
 h - a +6 ring of dexterity (left hand)
 u - an uncursed amulet of harm
 w - a ring of flight (right hand)
 C - a cursed ring of loudness {unknown}
Scrolls
 e - 3 scrolls of remove curse
 j - a scroll of fear {unknown}
 l - a scroll of enchant armour {unknown}
 q - a scroll of amnesia {unknown}
 t - 2 scrolls of identify {unknown}
 x - 2 scrolls of immolation {unknown}
 z - a scroll of recharging {unknown}
 B - a scroll of random uselessness {unknown}
Potions
 g - a potion of might {unknown}
 i - 3 potions of lignification {unknown}
 k - a potion of cure mutation {unknown}
 o - 3 potions of curing {unknown}
 p - 2 potions of flight {unknown}
 s - a potion of mutation {unknown}
 A - a potion of agility {unknown}
Books
 c - a book of Minor Magic

   Spells                             Type                      Level
   a - Magic Dart                     Conjuration                  1
   b - Blink                          Translocation                2
   c - Call Imp                       Summoning                    2
   d - Repel Missiles                 Charms/Air                   2
   e - Slow                           Hexes                        2
   f - Conjure Flame                  Conjuration/Fire             3
   g - Mephitic Cloud                 Conjuration/Poison/Air       3
 v - a book of Dreams

   Spells                             Type                      Level
   a - Ensorcelled Hibernation        Hexes/Ice                    2
   b - Silence                        Hexes/Air                    5
   c - Darkness                       Hexes                        6
   d - Shadow Creatures               Summoning                    6
Comestibles
 d - 2 bread rations


   Skills:
 - Level 2.4(1.8) Dodging
 + Level 4.6(3.9) Stealth
 + Level 6.5(5.8) Spellcasting
 + Level 4.1(3.4) Conjurations
 - Level 1.1(0.5) Summonings
 - Level 1.1(0.5) Translocations


You had 10 spell levels left.
You knew the following spells:

 Your Spells              Type           Power        Failure   Level  Hunger
a - Magic Dart            Conj           ###.         1%          1    None
b - Blink                 Tloc           N/A          12%         2    None
c - Call Imp              Summ           #.......     12%         2    None
d - Conjure Flame         Conj/Fire      ###.....     12%         3    #......


Dungeon Overview and Level Annotations

Branches:
Dungeon (4/15)
 Temple: D:4-7

Altars:
Sif Muna


Message History

The giant frog skeleton is destroyed!
You have reached level 6!
Your experience leads to an increase in your attributes!
Your base attributes are Str 4, Int 24, Dex 13.
Increase (S)trength, (I)ntelligence, or (D)exterity?
You feel clever.
Your crimson imp blinks!
Casting: Call Imp
Confirm with . or Enter, or press ? or * to list all spells.
A beastly little devil appears in a puff of flame.
Your crimson imp blinks!
Your crimson imp disappears in a puff of smoke!
The orc priest mumbles some strange prayers to Beogh against you.
Beogh smites you!
Ouch! That really hurt!
* * * LOW HITPOINT WARNING * * *
Your crimson imp blinks!
The orc priest invokes the aid of Beogh against you.
Beogh smites you!
You die...

..#.#..#..# #...?...###........#
#....#..# #..........#........
####..# ##..§............#.#. #
#...# ##..§.)............... #
#########.....5........##.#.#.
###......#...........5...........
.....#.# #....((.5...........###.
.......# #..........o..o..##. ##
.......# #..?...@..........#..###
.......# #.#<.................##.
########..........#.....#........
#>## #....#..########.#.#......
...8##.../#.## #.#.#.#...# ....#
...... #.#.#.#.#.# ....8# ..
#.#.#.#.#.# ..## ..# #.#.#.#...#
#.#.#......


You could see 2 orc priests and 3 friendly crimson imps.

Vanquished Creatures
  A water moccasin (D:4)
  An orc wizard (D:3)
  An iguana (D:4)
  A worker ant (D:4)
  An adder (D:3)
  The ghost of mindo the Magician, a weakling DEWz (D:3)
  A giant gecko (D:3)
  2 orcs (D:4)
  A ball python (D:1)
  6 bats
  6 giant cockroaches
  5 hobgoblins
  2 goblins
  2 kobolds
  7 rats
38 creatures vanquished.

Vanquished Creatures (collateral kills)
  An orc priest (D:3)
  A giant frog skeleton (D:4)
  3 gnolls (D:3)
  An adder (D:4)
  5 orcs (D:3)
  A bat (D:3)
  A giant cockroach (D:2)
  A goblin (D:3)
  A hobgoblin (D:3)
  A giant newt (D:2)
  A quokka skeleton (D:4)
  A rat (D:3)
18 creatures vanquished.

Grand Total: 56 creatures vanquished

Notes
Turn   | Place    | Note
--------------------------------------------------------------
     0 | D:1      | mindo the Deep Elf Wizard began the quest for the Orb.
     0 | D:1      | Reached XP level 1. HP: 10/10 MP: 7/7
   413 | D:1      | Reached XP level 2. HP: 15/15 MP: 5/9
   417 | D:1      | Learned a level 2 spell: Blink
   420 | D:1      | Learned a level 2 spell: Call Imp
   438 | D:1      | Reached skill level 5 in Spellcasting
  1029 | D:3      | Reached XP level 3. HP: 19/19 MP: 3/11
  1034 | D:3      | Noticed mindo's ghost (weakling DEWz)
  1038 | D:3      | Killed mindo's ghost
  1130 | D:3      | You fall through a shaft!
  1140 | D:4      | Found a deep blue altar of Sif Muna.
  1159 | D:4      | Got an ancient dagger
  1160 | D:4      | Identified the +10 dagger "Toolufuy" {drain, rPois Stlth+} (You found it on level 4 of the Dungeon)
  1215 | D:4      | Noticed a water moccasin
  1223 | D:4      | Killed a water moccasin
  1223 | D:4      | Reached skill level 6 in Spellcasting
  1223 | D:4      | Reached XP level 4. HP: 20/24 MP: 7/14
  1225 | D:4      | Reached XP level 5. HP: 20/28 MP: 8/15
  1294 | D:4      | Learned a level 3 spell: Conjure Flame
  2446 | D:4      | Reached XP level 6. HP: 25/32 MP: 6/17
  2449 | D:4      | Killed from afar by an orc priest

Skill      XL: |  1  2  3  4  5 |
---------------+----------------+-----
Spellcasting   | 5 6 |  6.5
Conjurations   | 2 3 4 |  4.1
Stealth        | 3 4 |  4.6
Dodging        | |  2.4
Summonings     | |  1.1
Translocations | |  1.1

Action                   |  1- 3 |  4- 6 || total
-------------------------+-------+-------++-------
Melee: Dagger            |     2 |    12 ||    14
 Cast: Magic Dart        |    62 |    14 ||    76
       Call Imp          |     4 |    29 ||    33
       Blink             |     1 |     2 ||     3
       Conjure Flame     |       |     2 ||     2
  Use: Scroll            |     2 |       ||     2
 Stab: Sleeping          |       |     1 ||     1
  Eat: Bread ration      |     1 |       ||     1
Armor: Robe              |     5 |     2 ||     7
Dodge: Dodged            |    25 |    16 ||    41
